 Dungeon Crawl Stone Soup version 0.22-a0-596-gfbd32a6 (webtiles) character file.

305 Hebeh the Skirmisher (level 6, 0/55 HPs)
             Began as a Minotaur Fighter on July 5, 2018.
             Slain by Menkaure (10 damage)
             ... on level 5 of the Dungeon.
             The game lasted 00:06:20 (3208 turns).

Hebeh the Skirmisher (Minotaur Fighter)             Turns: 3208, Time: 00:06:20

Health: 0/55       AC: 12    Str: 23    XL:     6   Next: 16%
Magic:  5/5        EV:  7    Int:  5    God:
Gold:   157        SH: 10    Dex:  9    Spells: 5/5 levels left

rFire    . . .     SeeInvis .   n - +2 flail (crush)
rCold    . . .     Gourm    .   c - +0 shield
rNeg     . . .     Faith    .   b - +0 scale mail
rPois    .         Spirit   .   (helmet restricted)
rElec    .         Reflect  .   x - +0 cloak
rCorr    .         Harm     .   A - +0 pair of gloves
MR       .....                  l - +2 pair of boots
Stlth    +.........             (no amulet)
HPRegen  0.18/turn              m - ring of stealth
MPRegen  0.09/turn              (no ring)

@: no status effects
A: retaliatory headbutt, horns 2
a: no special abilities


You were on level 5 of the Dungeon.
You were very hungry.

You visited 1 branch of the dungeon, and saw 5 of its levels.

You collected 157 gold pieces.

Inventory:

Hand Weapons
 a - a +0 war axe
 n - a +2 flail of crushing (weapon)
Missiles
 e - 165 stones (quivered)
Armour
 b - a +0 scale mail (worn)
 c - a +0 shield (worn)
 l - a +2 pair of boots (worn)
 x - a +0 cloak (worn)
 A - a +0 pair of gloves (worn)
Jewellery
 m - a ring of stealth (left hand)
 w - an uncursed ring of flight {unknown}
Scrolls
 g - 2 scrolls of teleportation {unknown}
 h - 8 scrolls of identify {unknown}
 i - 3 scrolls of blinking {unknown}
 k - 4 scrolls of magic mapping {unknown}
 o - 2 scrolls of immolation {unknown}
 t - 3 scrolls of remove curse {unknown}
 u - 2 scrolls of fear {unknown}
 v - a scroll of enchant armour {unknown}
 y - a scroll of amnesia {unknown}
 z - a scroll of fog {unknown}
Potions
 d - a potion of might
 j - 3 potions of heal wounds
 p - a potion of cancellation {unknown}
 q - 5 potions of curing {unknown}
 r - a potion of flight {unknown}
 s - a potion of haste {unknown}
Comestibles
 f - 12 rations


   Skills:
 + Level 4.8 Fighting
 - Level 3.2(4.0) Axes
 * Level 3.5(4.2) Maces & Flails
 + Level 1.9 Throwing
 + Level 4.7 Armour
 + Level 4.7 Shields


You had 5 spell levels left.
You didn't know any spells.
Your spell library was empty.

Dungeon Overview and Level Annotations

Branches:
Dungeon (5/15)
 Temple: D:4-7

Altars:
Elyvilon
Hepliaklqana

Shops:
D:4 :

Annotations:
D:5 Menkaure


Innate Abilities, Weirdness & Mutations

You reflexively headbutt those who attack you in melee.
You have a pair of horns on your head.


Message History

The adder is moderately wounded.
The adder bites you. Menkaure barely misses you.
The adder bites you but does no damage.
You are too injured to fight recklessly!
You are too injured to fight recklessly!
You are too injured to fight recklessly!
You are too injured to fight recklessly!
You sock Menkaure! You headbutt Menkaure!
Menkaure is severely damaged.
Menkaure hits you but does no damage. The adder barely misses you.
You furiously retaliate!
You headbutt the adder.
Menkaure calls on the powers of darkness!
Your body is wracked with pain!
* * * LOW HITPOINT WARNING * * *
You hit Menkaure but do no damage. You headbutt Menkaure.
Menkaure is almost destroyed.
The adder bites you.
* * * LOW HITPOINT WARNING * * *
Menkaure hits you!
You die...

##+##
####...#######.#
.........<.....#
###....########
.####....#
.........#
.###...@.#
##.SM.# ##.#.#
#.#.# ....# ##.
## #. #.


You could see Menkaure and an adder.

Vanquished Creatures
  2 hounds
  2 orc priests (D:4)
  An orc wizard (D:4)
  2 worker ants (D:4)
  A gnoll (D:1)
  5 adders
  An adder skeleton (D:4)
  5 dart slugs
  4 leopard geckos
  An orc (D:4)
  2 bats (D:1)
  A giant cockroach (D:2)
  7 goblins
  6 hobgoblins
  2 jackals (D:2)
  A quokka (D:3)
  2 kobolds (D:2)
  A leopard gecko skeleton (D:4)
  7 rats
53 creatures vanquished.

Notes
Turn   | Place    | Note
-------+----------+-------------------------------------------
     0 | D:1      | Hebeh the Minotaur Fighter began the quest for the Orb.
     0 | D:1      | Reached XP level 1. HP: 19/19 MP: 0/0
   218 | D:1      | Reached XP level 2. HP: 19/27 MP: 1/1
   749 | D:1      | Reached XP level 3. HP: 27/33 MP: 2/2
  1095 | D:2      | Reached skill level 1 in Maces & Flails
  1643 | D:3      | Reached XP level 4. HP: 39/40 MP: 3/3
  1658 | D:3      | Reached skill level 1 in Throwing
  2031 | D:3      | Found a hazy altar of Hepliaklqana.
  2183 | D:4      | Found a white marble altar of Elyvilon.
  2197 | D:4      | Reached XP level 5. HP: 47/47 MP: 4/4
  2390 | D:4      | Reached XP level 6. HP: 7/53 MP: 5/5
  2734 | D:4      | Found Toila's Book Emporium.
  3198 | D:5      | Entered Level 5 of the Dungeon
  3200 | D:5      | Noticed Menkaure
  3208 | D:5      | Slain by Menkaure

Vault maps used:
D:1:      lightli_molten_gateway
D:3:      lemuel_crystal_altar
D:4:      first_ration, serial_shops, shop, elyvilon_altar_5
D:5:      serial_shops, kennysheep_mini_moat, nicolae_shop_trees, shop, shop,
          shop, grunt_ministairs_4, nemelex_spade_bored_becter, uniq_menkaure,
          uniq_blork_the_orc

Skill      XL: |  1  2  3  4  5 |
---------------+----------------+-----
Axes           | 3 |  3.2
Shields        | 4 |  4.7
Fighting       | 4 |  4.8
Armour         | 4 |  4.7
Maces & Flails | 1 2 3 |  3.5
Throwing       | 1 |  1.9

Action                   |  1- 3 |  4- 6 || total
-------------------------+-------+-------++-------
Melee: War axe           |    25 |       ||    25
       Headbutt          |    12 |    11 ||    23
       Flail             |    51 |    76 ||   127
  Eat: Chunk             |     2 |     4 ||     6
Armor: Scale mail        |    28 |    51 ||    79
Dodge: Dodged            |    21 |    25 ||    46
Block: Shield            |    27 |    42 ||    69

Table legend:
 A = Spawn XP
 B = Non-spawn XP
 C = Spawn XP percentage of total XP
 D = Spawn monster count
 E = Non-spawn monster count
 F = Spawn count percentage of total count
 G = Total turns spent on level
                    A         B        C        D         E        F      G
               +---------+---------+-------+---------+---------+-------+---------
         Total |       0 |     437 |   0.0 |       0 |      53 |   0.0 |  3208
               +---------+---------+-------+---------+---------+-------+---------
           D:1 |       0 |      43 |   0.0 |       0 |      13 |   0.0 |   838
           D:2 |       0 |      51 |   0.0 |       0 |      17 |   0.0 |   799
           D:3 |       0 |      85 |   0.0 |       0 |      10 |   0.0 |   546
           D:4 |       0 |     258 |   0.0 |       0 |      13 |   0.0 |  1015
               +---------+---------+-------+---------+---------+-------+---------
